 Dungeon Crawl Stone Soup version 0.31-a0-196-g86fe4a5e66 (webtiles) character file.

Game seed: 11885394401494310486

28 qw the Shooter (level 2, 0/16 HPs)
             Began as a Deep Elf Hunter on June 24, 2023.
             Slain by a quokka (1 damage)
             ... on level 1 of the Dungeon.
             The game lasted 00:00:12 (452 turns).

qw the Shooter (Deep Elf Hunter)                     Turns: 452, Time: 00:00:12

Health: 0/16       AC:  8    Str:  8    XL:     2   Next: 96%
Magic:  4/4        EV:  8    Int: 13    God:
Gold:   15         SH:  0    Dex: 18    Spells: 1/1 levels left

rFire   . . .        Y - +1 shortbow
rCold   + . .        (shield currently unavailable)
rNeg    . . .        m - +1 scale mail {rC+}
rPois   .            (no helmet)
rElec   .            (no cloak)
rCorr   .            k - +0 pair of gloves
SInv    .            (no boots)
Will    .....        (no amulet)
Stlth   +            (no ring)
HPRegen 0.22/turn    (no ring)
MPRegen 0.09/turn

%: no passive effects
@: no status effects
A: no striking features
a: no special abilities


You were on level 1 of the Dungeon.
You visited 1 branch of the dungeon, and saw 2 of its levels.

You collected 15 gold pieces.


   Skills:
 - Level 1.5 Fighting
 + Level 6.6 Ranged Weapons
 - Level 2.4 Dodging
 - Level 1.2 Stealth


You had one spell level left.
You didn't know any spells.
Your spell library was empty.

Inventory:

Hand Weapons
 Y - a +1 shortbow (weapon)
Armour
 k - a +0 pair of gloves (worn)
 m - a +1 scale mail of cold resistance (worn)
Potions
 f - a potion of brilliance {unknown}
 i - a potion of invisibility {unknown}
 j - a potion of lignification {unknown}

Dungeon Overview and Level Annotations

Branches:
Dungeon (2/15)

Altars:


Message History

The ball python bites you but does no damage.
The ball python constricts you. The kobold barely misses you.
The quokka bites you but does no damage.
You shoot an arrow.
The arrow barely misses the ball python.
The bat hits you but does no damage. x2; The bat hits you.
The ball python bites you. The ball python constricts you.
The quokka barely misses you. The kobold hits you but does no damage.
The bat completely misses you.
The ball python bites you but does no damage.
The ball python constricts you. The bat hits you but does no damage.
You shoot an arrow. The arrow hits the ball python!
You kill the ball python!
The bat hits you but does no damage. x2; The quokka barely misses you.
The kobold closely misses you. The quokka barely misses you.
The kobold hits you but does no damage.
You shoot an arrow. The arrow closely misses the kobold.
The bat hits you but does no damage. The bat hits you.
The quokka barely misses you. The kobold closely misses you.
The quokka bites you. The bat completely misses you.
You shoot an arrow. The arrow closely misses the kobold.
The bat barely misses you. The kobold closely misses you.
The quokka bites you but does no damage.
The bat closely misses you. The kobold hits you with a +0 dagger.
The quokka bites you but does no damage.
You shoot an arrow. The arrow barely misses the kobold.
The bat closely misses you. The bat hits you but does no damage.
The quokka bites you. The kobold hits you but does no damage.
The bat hits you but does no damage.
You shoot an arrow. The arrow hits the kobold.
The kobold is severely wounded.
The bat hits you but does no damage. x2
The quokka bites you but does no damage.
The kobold hits you but does no damage. The quokka barely misses you.
You shoot an arrow. The arrow hits the kobold!
You kill the kobold!
The bat hits you but does no damage. The bat barely misses you.
The quokka bites you but does no damage.
The quokka bites you.
You die...

# #.
#.#######.#
#.$.)[.....
#..@b.#
#...r.#
#.....#
##..b...
#....###
##+#.. ...
....


You could see a quokka and 2 bats.

Vanquished Creatures
  An adder (D:2)
  3 dart slugs
  An endoplasm (D:2)
  A giant cockroach (D:2)
  2 goblins (D:2)
  3 kobolds
  2 ball pythons
  A bat (D:2)
  A rat (D:2)
15 creatures vanquished.

Notes
Turn   | Place    | Note
-------+----------+-------------------------------------------
     0 | D:1      | qw the Deep Elf Hunter began the quest for the Orb.
     0 | D:1      | Reached XP level 1. HP: 12/12 MP: 3/3
     0 | D:1      | 0 ||| qw: Version: 0.3-a-9-g12657ce
     0 | D:1      | 0 ||| qw: Game counter: 4783
     0 | D:1      | 0 ||| qw: Always use a shield: true
     0 | D:1      | 0 ||| qw: God list: Okawaru
     0 | D:1      | 0 ||| qw: Allow faded altars: false
     0 | D:1      | 0 ||| qw: Do Orc after D:15 true
     0 | D:1      | 0 ||| qw: Do second Lair branch before Depths: true
     0 | D:1      | 0 ||| qw: Lair rune preference: random
     0 | D:1      | 0 ||| qw: Plans: Normal
     0 | D:1      | 0 ||| PLANNING D:1-11
    83 | D:1      | You fall into a shaft and drop 1 floor!
   159 | D:2      | Reached skill level 6 in Ranged Weapons
   159 | D:2      | Reached XP level 2. HP: 16/16 MP: 4/4
   273 | D:2      | 273 ||| UPGRADING to +0 ring mail.
   283 | D:2      | 283 ||| DROPPING +0 leather armour.
   284 | D:2      | 284 ||| UPGRADING to +0 pair of gloves.
   289 | D:2      | 289 ||| UPGRADING to +1 scale mail of cold resistance.
   299 | D:2      | 299 ||| DROPPING +0 ring mail.
   300 | D:2      | 300 ||| READING scroll labelled SOOSOA JUTAUSH.
   355 | D:2      | 355 ||| READING scroll labelled YSSUBLI FOTS.
   356 | D:2      | 356 ||| READING scroll labelled CERRENL WOYSAA.
   357 | D:2      | 357 ||| READING scroll labelled YCAMAS ECRUTWU.
   358 | D:2      | 358 ||| DROPPING scroll of butterflies.
   449 | D:1      | HP: 4/16 [kobold/+0 dagger (3)]
   450 | D:1      | HP: 1/16 [quokka (4)]
   452 | D:1      | Slain by a quokka

Levels and vault maps discovered:
D:1:      nzn_arrival_settlement, layout_basic,
          shapermc_ecumenical_altar_pompeii, minivault_27
D:2:      layout_basic, serial_shops, shop, grunt_ministairs_4,
          hangedman_abyss_or_decor_lesser_grid, minmay_tromino_v2

Skill      XL: |  1 |
---------------+----+-----
Ranged Weapons | 6 |  6.6
Fighting       | |  1.5
Dodging        | |  2.4
Stealth        | |  1.2

Action                     || total
---------------------------++-------
   Fire: Shortbow          ||    45
    Use: Scroll            ||     4
 Armour: Scale mail        ||    41
         Leather armour    ||     4
  Dodge: Dodged            ||    30

Table legend:
 A = Non-vault XP
 B = Vault XP
 C = Vault XP percentage of total XP
 D = Non-vault monster count
 E = Vault monster count
 F = Vault count percentage of total count
                 A         B        C        D         E       F
            +---------+---------+-------+---------+---------+-------
      Total |      41 |       0 |   0.0 |      15 |       0 |   0.0
            +---------+---------+-------+---------+---------+-------
        D:1 |       6 |       0 |   0.0 |       3 |       0 |   0.0
        D:2 |      35 |       0 |   0.0 |      12 |       0 |   0.0
            +---------+---------+-------+---------+---------+-------
